 Dungeon Crawl Stone Soup version 0.20-a0-1122-gb7cbeb9 (webtiles) character file.

667 Amnesiac the Conjurer (level 7, 0/36 HPs)
             Began as a Deep Elf Ice Elementalist on May 14, 2017.
             Slain by Grinder (3 damage)
             ... while paralysed by Grinder
             ... on level 5 of the Dungeon.
             The game lasted 00:07:26 (4734 turns).

Amnesiac the Conjurer (Deep Elf Ice Elementalist)   Turns: 4734, Time: 00:07:26

Health: 0/36       AC:  2    Str:  2 (5)  XL:     7   Next: 31%
Magic:  9/17       EV:  2    Int: 24 (27) God:
Gold:   210        SH:  0    Dex: 12 (15) Spells: 5/17 levels left

rFire    . . .     SeeInvis .   h - +0 short sword (freeze)
rCold    . . .     Gourm    .   (no shield)
rNeg     . . .     Faith    .   a - +0 robe
rPois    .         Spirit   .   (no helmet)
rElec    .         Reflect  .   (no cloak)
rCorr    .         Harm     .   (no gloves)
MR       .....                  (no boots)
Stlth    ++........             (no amulet)
Regen    0.2/turn               (no ring)
MPRegen  0.2/turn               (no ring)

@: paralysed, brilliant
A: screaming 1, sturdy frame 1
a: no special abilities


You were on level 5 of the Dungeon.
You were very hungry.

You visited 1 branch of the dungeon, and saw 6 of its levels.

You collected 210 gold pieces.

Inventory:

Hand Weapons
 h - a +0 short sword of freezing (weapon)
Missiles
 i - 12 poisoned needles
Armour
 a - a +0 robe (worn)
Jewellery
 e - an uncursed amulet of harm {unknown}
Wands
 u - a wand of paralysis (12/24)
Scrolls
 d - a scroll of fear {!r}
 f - a scroll of immolation {!r}
 k - a scroll of identify {!r}
 p - a scroll of remove curse {!r}
 q - a scroll of teleportation {!r}
Potions
 r - a potion of flight {!q, unknown}
 t - a potion of berserk rage {!q}
Books
 b - a book of Frost

   Spells                             Type                      Level
   a - Freeze                         Ice                          1
   b - Throw Frost                    Conjuration/Ice              2
   c - Ozocubu's Armour               Charms/Ice                   3
   d - Throw Icicle                   Conjuration/Ice              4
   e - Summon Ice Beast               Ice/Summoning                4
 m - a book of Maledictions

   Spells                             Type                      Level
   a - Corona                         Hexes                        1
   b - Ensorcelled Hibernation        Hexes/Ice                    2
   c - Confuse                        Hexes                        3
   d - Tukima's Dance                 Hexes                        3
   e - Dazzling Spray                 Conjuration/Hexes            3
Comestibles
 c - 5 bread rations
 g - 2 chunks of flesh
 j - a meat ration


   Skills:
 - Level 2.4 Dodging
 - Level 2.4 Stealth
 + Level 5.5 Spellcasting
 * Level 6.3 Conjurations
 + Level 5.7 Ice Magic


You had 5 spell levels left.
You knew the following spells:

 Your Spells              Type           Power        Failure   Level  Hunger
a - Freeze                Ice            ####         1%          1    None
b - Ozocubu's Armour      Chrm/Ice       ####....     1%          3    #......
c - Summon Ice Beast      Ice/Summ       ####....     3%          4    ###....
d - Throw Icicle          Conj/Ice       #####...     1%          4    ###....


Dungeon Overview and Level Annotations

Branches:
Dungeon (6/15)
 Temple: D:4-7

Altars:
Dithmenos
Kikubaaqudgha
Nemelex Xobeh

Annotations:
D:5 Grinder


Innate Abilities, Weirdness & Mutations

You occasionally shout uncontrollably at your foes.
Your movements are slightly less encumbered by armour. (ER -2)


Message History

Casting: Throw Icicle
Confirm with . or Enter, or press ? or * to list all spells.
You don't have enough magic to cast that spell.
Casting: Throw Icicle
Confirm with . or Enter, or press ? or * to list all spells.
You don't have enough magic to cast that spell.
Casting: Throw Icicle
Confirm with . or Enter, or press ? or * to list all spells.
You don't have enough magic to cast that spell.
Okay, then.
Wield which item (- for none, * to show all)? (? for menu, Esc to quit)
Your +0 short sword of freezing glows with a cold blue light!
h - a +0 short sword of freezing (weapon)
Grinder barely misses you.
You hit Grinder.
Grinder is moderately wounded.
Grinder misses you.
You completely miss Grinder.
Grinder is moderately wounded.
Grinder hits you!
You writhe in agony.
Grinder gestures at you.
You struggle to resist.
Really quaff
s - a cyan potion {!q}?
It was a potion of brilliance {!q}.
You feel clever all of a sudden.
Really quaff
l - a fuming puce potion {!q}?
It was a potion of degeneration {!q}.
There was something very wrong with that liquid.
You feel weakened.
You feel dopey.
You feel clumsy. Grinder hits you!
* * * LOW HITPOINT WARNING * * *
You writhe in agony.
* * * LOW HITPOINT WARNING * * *
Grinder zaps a wand.
Some rock shatters into small pieces.
It is a wand of digging (?/24).
Really quaff
n - a lumpy orange potion {!q}?
It was a potion of magic {!q}.
Magic courses through your body.
Casting: Throw Icicle
Confirm with . or Enter, or press ? or * to list all spells.
Aiming: Throw Icicle
Press: ? - help, Shift-Dir - straight line, f/p - Grinder
Aim: Grinder, carrying a wand of digging (?/24) {zapped: 1} (moderately wounded)
The shard of ice hits Grinder.
Grinder partially resists.
Grinder is heavily wounded.
You are feeling very hungry.
Grinder says, "My boss said I was rubbish.
His entrails said otherwise."
Casting: Throw Icicle
Confirm with . or Enter, or press ? or * to list all spells.
Aiming: Throw Icicle
Press: ? - help, Shift-Dir - straight line, f/p - Grinder
Aim: Grinder, carrying a wand of digging (?/24) {zapped: 1} (heavily wounded)
The shard of ice hits Grinder.
Grinder partially resists.
Grinder is almost dead.
Grinder gestures at you.
You suddenly lose the ability to move!
Grinder hits you but does no damage.
Grinder says, "Don't move a muscle."
Grinder hits you!
* * * LOW HITPOINT WARNING * * *
You writhe in agony.
* * * LOW HITPOINT WARNING * * *
Grinder says, "Mostly I couldn't keep them alive."
Grinder hits you.
You die...

..........#..# #..# .......
..........##..# #..## ..
.8#........#...##...####....
.##.........#............... #
......P.♣....#...........### ..
.....♣≈≈≈P........######## ..
....P≈.≈≈≈♣......## #
.....≈≈≈♣≈......#.## #######
...♣≈≈≈ ≈≈......@5.######........
.....≈≈≈≈≈P......................
....≈≈≈≈≈≈..................)....
...P≈≈≈≈≈............(...........
...♣≈.≈.≈≈P......................
....≈≈.≈.≈...................$...
....P.≈≈♣........................
......P♣.........................
.................................


You could see Grinder.

Vanquished Creatures
  A sky beast (D:5)
  A necrophage (D:6)
  A phantom (D:4)
  A scorpion (D:4)
  3 iguanas
  7 worker ants
  2 adders
  2 oozes (D:1)
  2 adder zombies (D:5)
  An adder skeleton (D:4)
  5 dart slugs
  6 leopard geckos
  An orc (D:6)
  2 giant cockroaches
  3 goblins
  5 hobgoblins (D:1)
  4 jackals
  7 kobolds
  7 bats
  5 frilled lizards
  A leopard gecko zombie (D:5)
  A quokka zombie (D:5)
  7 rats
75 creatures vanquished.

Notes
Turn   | Place    | Note
-------+----------+-------------------------------------------
     0 | D:1      | Amnesiac the Deep Elf Ice Elementalist began the quest for the Orb.
     0 | D:1      | Reached XP level 1. HP: 10/10 MP: 6/6
   286 | D:1      | Reached XP level 2. HP: 8/15 MP: 2/8
   612 | D:1      | Reached XP level 3. HP: 17/19 MP: 5/10
  1136 | D:1      | Learned a level 3 spell: Ozocubu's Armour
  1584 | D:2      | Reached XP level 4. HP: 24/24 MP: 10/12
  1590 | D:2      | Learned a level 4 spell: Throw Icicle
  1617 | D:4      | Reached skill level 2 in Conjurations
  2085 | D:5      | Entered Level 5 of the Dungeon
  2115 | D:4      | Found a sparkling altar of Nemelex Xobeh.
  2151 | D:4      | Noticed a phantom
  2181 | D:4      | Reached skill level 3 in Conjurations
  2181 | D:4      | Reached XP level 5. HP: 28/28 MP: 1/13
  2423 | D:4      | Killed a phantom
  2423 | D:4      | Reached skill level 4 in Conjurations
  2669 | D:4      | Reached skill level 5 in Ice Magic
  2669 | D:4      | Reached XP level 6. HP: 22/32 MP: 9/14
  2716 | D:4      | Reached skill level 5 in Conjurations
  2718 | D:4      | Found an ancient bone altar of Kikubaaqudgha.
  2995 | D:4      | Found a shadowy altar of Dithmenos.
  3313 | D:5      | Noticed Grinder
  3371 | D:5      | Noticed a sky beast
  3473 | D:5      | Killed a sky beast
  3473 | D:5      | Reached skill level 5 in Spellcasting
  3479 | D:5      | Gained mutation: Your movements are slightly less encumbered by armour. (ER -2) [mutagenic meat]
  3481 | D:5      | Gained mutation: You occasionally shout uncontrollably at your foes. [mutagenic meat]
  3706 | D:5      | Reached XP level 7. HP: 26/36 MP: 0/16
  4222 | D:6      | Learned a level 4 spell: Summon Ice Beast
  4294 | D:6      | Reached skill level 6 in Conjurations
  4710 | D:5      | Paralysed by Grinder for 5 turns
  4731 | D:5      | Paralysed by Grinder for 7 turns
  4734 | D:5      | Slain by Grinder

Vault maps used:
D:1:      dpeg_arrival_ternary, serial_forest, infiniplex_forest_lined_room_2,
          infiniplex_forest_clump_double, infiniplex_forest_clump_curved,
          infiniplex_forest_corner_2, infiniplex_forest_clump_tiny
D:3:      first_bread, columned_hall_lemuel, mrwooster_statue_mirror
D:4:      nicolae_overflow_hidden_temple, grunt_dithmenos_smoke,
          nemelex_xobeh_ov_fountains_minmay
D:5:      serial_bayou_pond_b, st_stairs_6, kennysheep_flooded_box, uniq_grinder
D:6:      grunt_temple_overflow_open, minmay_temple_entry_poolview,
          amethyst_killhole, hex_large, eino_small_chamber_without_monster

Skill      XL: |  1  2  3  4  5  6  7 |
---------------+----------------------+-----
Ice Magic      | 4 5 |  5.7
Spellcasting   | 4 5 |  5.5
Conjurations   | 3 4 5 6 |  6.3
Dodging        | |  2.4
Stealth        | |  2.4

Action                   |  1- 3 |  4- 6 |  7- 9 || total
-------------------------+-------+-------+-------++-------
Melee: Unarmed           |     2 |    14 |       ||    16
       Short sword       |       |       |     2 ||     2
 Cast: Freeze            |    60 |    53 |    17 ||   130
       Throw Icicle      |       |    29 |    13 ||    42
  Use: Potion            |       |     2 |     3 ||     5
       Scroll            |       |       |     8 ||     8
  Eat: Chunk             |     2 |     8 |     4 ||    14
       Meat ration       |       |     1 |       ||     1
       Royal jelly       |       |     1 |       ||     1
Armor: Robe              |     7 |     3 |     1 ||    11
       Skin              |       |     9 |       ||     9
Dodge: Dodged            |    35 |    39 |    13 ||    87
